 Dungeon Crawl Stone Soup version 0.22.1-1-ga44c0e5 (webtiles) character file.

46 Starchild the Poker (level 3, 0/27 HPs)
             Began as a Merfolk Skald on Sept 25, 2018.
             Slain by a white imp (2 damage)
             ... summoned by Natasha
             ... on level 2 of the Dungeon.
             The game lasted 00:03:46 (939 turns).

Starchild the Poker (Merfolk Skald)                  Turns: 939, Time: 00:03:47

Health: 0/27       AC:  4    Str: 12    XL:     3   Next: 66%
Magic:  1/6        EV: 12    Int: 12    God:
Gold:   45         SH:  0    Dex: 13    Spells: 1/6 levels left

rFire    + . .     SeeInvis .   a - +0 spear
rCold    + . .     Gourm    .   (no shield)
rNeg     . . .     Faith    .   b - +1 leather armour
rPois    +         Spirit   .   (no helmet)
rElec    +         Reflect  .   (no cloak)
rCorr    +         Harm     .   (no gloves)
MR       .....                  (no boots)
Stlth    +.........             (no amulet)
HPRegen  0.09/turn              (no ring)
MPRegen  0.10/turn              (no ring)

@: about to teleport, resistant, shrouded (expiring), infused, singing, slowed,
very slow
A: change form in water, swift swim, stealthy swim
a: no special abilities


You were on level 2 of the Dungeon.
You were hungry.

You visited 1 branch of the dungeon, and saw 2 of its levels.

You collected 45 gold pieces.

Inventory:

Hand Weapons
 a - a +0 spear (weapon)
Missiles
 i - 49 stones (quivered)
Armour
 b - a +1 leather armour (worn)
Scrolls
 c - a scroll of identify
 e - 3 scrolls of remove curse
Potions
 g - a potion of resistance
Comestibles
 d - a ration


   Skills:
 - Level 2.1 Fighting
 + Level 4.7 Polearms
 - Level 0.6 Armour
 - Level 2.6 Dodging
 - Level 2.0 Spellcasting
 * Level 4.1 Charms


You had one spell level left.
You knew the following spells:

 Your Spells              Type           Power        Failure   Level  Hunger
a - Infusion              Chrm           ##..         6%          1    ##.....
b - Song of Slaying       Chrm           ##......     10%         2    ###....
c - Shroud of Golubria    Chrm/Tloc      #.........   22%         2    ###....

Your spell library contained the following spells:

 Spells                   Type           Power        Failure   Level  Hunger
 Regeneration             Chrm/Necr      #.........   41%         3    ####...
 Spectral Weapon          Hex/Chrm       #.......     41%         3    ####...


Dungeon Overview and Level Annotations

Branches:
Dungeon (2/15)

Altars:

Annotations:
D:2 Natasha


Message History

Confirm with . or Enter, or press ? or * to list all spells.
You start singing a song of slaying.
Natasha barely misses you. The white imp hits you.
* * * LOW HITPOINT WARNING * * *
The white imp freezes you.
* * * LOW HITPOINT WARNING * * *
You closely miss Natasha.
Natasha is lightly wounded.
Natasha claws you.
* * * LOW HITPOINT WARNING * * *
The white imp hits you but does no damage.
Your shroud bends Natasha's attack away.
You feel protected.
Your shroud begins to fray at the edges.
The white imp gestures at you. The puff of frost misses you.
The puff of frost hits Natasha.
Natasha claws you but does no damage. The white imp closely misses you.
As you read the scroll of teleportation, it crumbles to dust.
You feel strangely unstable. Natasha barely misses you. The white imp hits you.
You die...

#.#.#.####.#.###
#.#.#.##.#.#.#.. #
#.#.#(...#.#.#.# .#
#.#.####.#.#.#.####.####
#.#........#.#..........
#.######....<#.......!..
#.# #####.#K5........
#†# #.#h####.#### #.#
#.#@# #.# #.#5# #.#
..#g# #.# ######.####
#.# #..........# #.#
#.#####.##.# #.# # #.
#.#..# # #.#
#.#..##.#.##.#.## #.#
....>............


You could see Natasha, a white imp, a shadow imp, a goblin and a kobold.

Vanquished Creatures
  A dart slug (D:1)
  A leopard gecko (D:1)
  4 bats (D:1)
  2 goblins (D:1)
  6 hobgoblins
  10 jackals
  5 kobolds
  A quokka (D:2)
  2 frilled lizards (D:1)
  3 rats
35 creatures vanquished.

Notes
Turn   | Place    | Note
-------+----------+-------------------------------------------
     0 | D:1      | Starchild the Merfolk Skald began the quest for the Orb.
     0 | D:1      | Reached XP level 1. HP: 16/16 MP: 3/3
    86 | D:1      | Reached XP level 2. HP: 19/22 MP: 1/5
    90 | D:1      | Learned a level 2 spell: Song of Slaying
    93 | D:1      | Learned a level 2 spell: Shroud of Golubria
   205 | D:1      | Reached XP level 3. HP: 15/27 MP: 6/6
   920 | D:2      | Noticed Natasha
   939 | D:2      | Slain by a white imp

Skill      XL: |  1  2  3 |
---------------+----------+-----
Polearms       | 4 |  4.7
Charms         | 4 |  4.1
Fighting       | |  2.1
Armour         | |  0.6
Dodging        | |  2.6
Spellcasting   | |  2.0

Action                   || total
-------------------------++-------
Melee: Spear             ||   156
 Cast: Infusion          ||     3
       Song of Slaying   ||     2
       Shroud of Golubri ||     1
  Use: Scroll            ||     6
       Potion            ||     2
Armor: Leather armour    ||    42
Dodge: Dodged            ||   115
